[Event "DVM U12w 2024"]
[Site "Bad Homburg"]
[Date "2024.12.27"]
[Round "2"]
[White "Noennig, Lotte"]
[Black "Mandziuk, Varvara"]
[Result "1-0"]
[ECO "C54"]
[WhiteElo "1635"]
[BlackElo "1160"]
[Annotator "NA RC"]
[PlyCount "56"]
[EventDate "2024.12.23"]
[EventType "team-tourn"]
[EventRounds "7"]
[EventCountry "GER"]
[SourceTitle "playchess.com"]
[Source "ChessBase"]
[SourceQuality "1"]
[TimeControl "40/5400+30:1800+30"]

1. e4 e5 2. Nf3 Nc6 3. Bc4 Bc5 4. c3 Nf6 5. d4 exd4 6. cxd4 Bb4+ 7. Bd2 Nxe4 8. Bxb4 Nxb4 9. Bxf7+ Kxf7 10. Qb3+ Ke8 11. Qxb4 d5 12. O-O Qd6 13. Qb5+ c6 14. Qe2 Qg6 15. Ne5 Qg5 16. f3 Nd6 17. Ng6+ Kd8 18. Nxh8 Bh3 19. Nc3 Kd7 20. f4 Qg4 21. Rf3 Re8 22. Qf2 Ne4 23. Nxe4 dxe4 24. Rxh3 Rxh8 25. Qg3 Qxg3 26. Rxg3 g6 27. Re1 Rf8 28. Rxe4 Rh8 1-0

[Event "DVM U12w 2024"]
[Site "Bad Homburg"]
[Date "2024.12.27"]
[Round "2"]
[White "Klymenko, Mariia"]
[Black "Busch, Lara Sophie"]
[Result "1/2-1/2"]
[ECO "C22"]
[WhiteElo "1625"]
[BlackElo "1625"]
[Annotator "NA RC"]
[PlyCount "43"]
[EventDate "2024.12.23"]
[EventType "team-tourn"]
[EventRounds "7"]
[EventCountry "GER"]
[SourceTitle "playchess.com"]
[Source "ChessBase"]
[SourceQuality "1"]
[TimeControl "40/5400+30:1800+30"]

1. e4 e5 2. d4 exd4 3. Qxd4 Nc6 4. Qd3 Bc5 5. Nc3 Nf6 6. Bf4 O-O 7. f3 a5 8. g4 Re8 9. O-O-O d6 10. h4 Be6 11. a3 Qd7 12. Be2 Nd4 13. h5 Nxe2+ 14. Ngxe2 Reb8 15. g5 Ne8 16. g6 h6 17. gxf7+ Bxf7 18. e5 b5 19. Ne4 Bc4 20. Nxc5 Qc6 21. Nd4 Qxc5 22. Qf5 1/2-1/2

[Event "DVM U12w 2024"]
[Site "Bad Homburg"]
[Date "2024.12.27"]
[Round "2"]
[White "Subocz, Barbara"]
[Black "Rose, Malina Rita"]
[Result "1/2-1/2"]
[ECO "C01"]
[WhiteElo "1623"]
[BlackElo "1503"]
[Annotator "NA RC"]
[PlyCount "54"]
[EventDate "2024.12.23"]
[EventType "team-tourn"]
[EventRounds "7"]
[EventCountry "GER"]
[SourceTitle "playchess.com"]
[Source "ChessBase"]
[SourceQuality "1"]
[TimeControl "40/5400+30:1800+30"]

1. e4 e6 2. d4 d5 3. exd5 exd5 4. Bd3 Nc6 5. c3 Nf6 6. Bf4 Bd6 7. Bxd6 Qxd6 8. Nf3 Be6 9. Na3 a6 10. c4 Qb4+ 11. Qd2 Qxd2+ 12. Kxd2 O-O-O 13. Rad1 dxc4 14. Nxc4 Nxd4 15. Kc1 Nxf3 16. gxf3 Bxc4 17. Bxc4 Rxd1+ 18. Rxd1 Rf8 19. Rg1 g6 20. f4 Ne4 21. f3 Nd6 22. Bb3 f5 23. h4 Kd7 24. h5 Rf6 25. Rg5 Ke7 26. Bg8 gxh5 27. Rxh5 h6 1/2-1/2

[Event "DVM U12w 2024"]
[Site "Bad Homburg"]
[Date "2024.12.27"]
[Round "2"]
[White "Fruth, Julia"]
[Black "Hendler, Felicitas"]
[Result "1-0"]
[ECO "B38"]
[WhiteElo "1614"]
[BlackElo "1610"]
[Annotator "NA RC"]
[PlyCount "37"]
[EventDate "2024.12.23"]
[EventType "team-tourn"]
[EventRounds "7"]
[EventCountry "GER"]
[SourceTitle "playchess.com"]
[Source "ChessBase"]
[SourceQuality "1"]
[TimeControl "40/5400+30:1800+30"]

1. e4 c5 2. Nf3 d6 3. d4 cxd4 4. Nxd4 Nf6 5. f3 g6 6. c4 Bg7 7. Be3 O-O 8. Nc3 Nc6 9. Be2 Bd7 10. O-O Rc8 11. Qd2 Ne8 12. Nxc6 Bxc6 13. Bxa7 Nc7 14. Bb6 Qd7 15. b4 Na8 16. Be3 Qc7 17. Rac1 Rfd8 18. b5 Bd7 19. Nd5 1-0

[Event "DVM U12w 2024"]
[Site "Bad Homburg"]
[Date "2024.12.27"]
[Round "2"]
[White "Sobczak, Zuzanna"]
[Black "Nehrukumar, Rithika"]
[Result "1-0"]
[ECO "C50"]
[WhiteElo "1598"]
[BlackElo "1147"]
[Annotator "NA RC"]
[PlyCount "29"]
[EventDate "2024.12.23"]
[EventType "team-tourn"]
[EventRounds "7"]
[EventCountry "GER"]
[SourceTitle "playchess.com"]
[Source "ChessBase"]
[SourceQuality "1"]
[TimeControl "40/5400+30:1800+30"]

1. e4 e5 2. Nf3 Nc6 3. Bc4 Bc5 4. O-O Nf6 5. Nc3 O-O 6. d3 h6 7. Be3 Bb6 8. d4 Nxe4 9. Nxe4 d5 10. Bxd5 Qxd5 11. Nc3 Qd8 12. d5 Na5 13. Bxb6 axb6 14. Nxe5 Re8 15. Re1 1-0

[Event "DVM U12w 2024"]
[Site "Bad Homburg"]
[Date "2024.12.27"]
[Round "2"]
[White "Elsayed Esam, Sally"]
[Black "Kuznetsova, Sofia"]
[Result "1-0"]
[ECO "D02"]
[WhiteElo "1563"]
[BlackElo "926"]
[Annotator "NA RC"]
[PlyCount "85"]
[EventDate "2024.12.23"]
[EventType "team-tourn"]
[EventRounds "7"]
[EventCountry "GER"]
[SourceTitle "playchess.com"]
[Source "ChessBase"]
[SourceQuality "1"]
[TimeControl "40/5400+30:1800+30"]

1. d4 d5 2. Nf3 Nc6 3. g3 Bf5 4. Bg2 Nf6 5. O-O e6 6. e3 h6 7. b3 Bb4 8. Bb2 O-O 9. c3 Bd6 10. Nbd2 Re8 11. c4 Bd3 12. Re1 Nb4 13. Bf1 Nc2 14. Bxd3 Nxe1 15. Qxe1 c6 16. e4 dxe4 17. Nxe4 Nxe4 18. Qxe4 f5 19. Qe3 b6 20. c5 bxc5 21. dxc5 Bxc5 22. Qxc5 Qxd3 23. Qe5 Re7 24. Nh4 Qd5 25. Ng6 Qxe5 26. Nxe7+ Kf7 27. Bxe5 Kxe7 28. Bxg7 h5 29. Rd1 Rg8 30. Bd4 Rd8 31. Bc5+ Ke8 32. Rxd8+ Kxd8 33. Bxa7 Kc7 34. Kg2 Kb7 35. Be3 Ka6 36. Kh3 Kb5 37. Kh4 Kb4 38. Kxh5 Ka3 39. h4 Kxa2 40. Kg6 Kxb3 41. h5 Kb4 42. h6 c5 43. Bxc5+ 1-0

[Event "DVM U12w 2024"]
[Site "Bad Homburg"]
[Date "2024.12.27"]
[Round "2"]
[White "Kuebart, Ela Marie"]
[Black "Suryaprakash, Smrithi"]
[Result "1-0"]
[ECO "A48"]
[WhiteElo "1561"]
[BlackElo "1527"]
[Annotator "NA RC"]
[PlyCount "119"]
[EventDate "2024.12.23"]
[EventType "team-tourn"]
[EventRounds "7"]
[EventCountry "GER"]
[SourceTitle "playchess.com"]
[Source "ChessBase"]
[SourceQuality "1"]
[TimeControl "40/5400+30:1800+30"]

1. d4 Nf6 2. Nf3 g6 3. e3 Bg7 4. Bd3 O-O 5. O-O d6 6. Re1 Nbd7 7. c3 e5 8. Qc2 Qe7 9. Nbd2 Nb6 10. e4 Rd8 11. d5 c6 12. c4 cxd5 13. cxd5 Bd7 14. Nb3 Rac8 15. Qe2 Bg4 16. Be3 Nfxd5 17. exd5 e4 18. Bxb6 axb6 19. Qxe4 Qxe4 20. Bxe4 Bxb2 21. Rab1 Bc3 22. Re3 Bg7 23. Nbd2 Re8 24. h3 Bxf3 25. Bxf3 Bd4 26. Re4 Bc5 27. Rbe1 Rxe4 28. Nxe4 Kf8 29. Rb1 Rc7 30. Kf1 f5 31. Nxc5 bxc5 32. Be2 c4 33. Rc1 b5 34. a4 bxa4 35. Bxc4 a3 36. Ke2 a2 37. Kd3 Ra7 38. Ra1 Ra3+ 39. Kd4 Ra7 40. Rxa2 Rd7 41. Ra8+ Kg7 42. Re8 Kf7 43. Re3 Rd8 44. Rf3 Kf6 45. h4 Re8 46. Bd3 Re5 47. Re3 Rxe3 48. fxe3 h6 49. e4 f4 50. e5+ dxe5+ 51. Ke4 g5 52. hxg5+ hxg5 53. d6 Ke6 54. d7 Kxd7 55. Kxe5 Kc6 56. Kf5 Kd5 57. Kxg5 Kd4 58. Kxf4 Kxd3 59. g4 Kd4 60. Kf5 1-0

[Event "DVM U12w 2024"]
[Site "Bad Homburg"]
[Date "2024.12.27"]
[Round "2"]
[White "Brandt, Hilda"]
[Black "Winkler, Helena"]
[Result "0-1"]
[ECO "C55"]
[WhiteElo "1556"]
[BlackElo "778"]
[Annotator "NA RC"]
[PlyCount "72"]
[EventDate "2024.12.23"]
[EventType "team-tourn"]
[EventRounds "7"]
[EventCountry "GER"]
[SourceTitle "playchess.com"]
[Source "ChessBase"]
[SourceQuality "1"]
[TimeControl "40/5400+30:1800+30"]

1. e4 e5 2. Nf3 Nf6 3. Nc3 d6 4. Bc4 Be7 5. d3 O-O 6. O-O Nc6 7. Be3 Be6 8. Bxe6 fxe6 9. Ng5 Qd7 10. a3 h6 11. Nf3 d5 12. exd5 exd5 13. Bd2 Rfe8 14. Re1 Rad8 15. Nxe5 Nxe5 16. Rxe5 c6 17. Qc1 Bd6 18. Rxe8+ Rxe8 19. Qf1 d4 20. Ne2 c5 21. Re1 Ng4 22. g3 Ne5 23. Nf4 Nf3+ 24. Kg2 Nxe1+ 25. Bxe1 Bxf4 26. gxf4 Qg4+ 27. Kh1 Re6 28. f3 Qxf4 29. Bg3 Qf5 30. Qd1 Rf6 31. Bh4 Qxf3+ 32. Qxf3 Rxf3 33. Be7 Rf2 34. Bxc5 Rxc2 35. Bxa7 Rxb2 36. Bxd4 Rd2 0-1

[Event "DVM U12w 2024"]
[Site "Bad Homburg"]
[Date "2024.12.27"]
[Round "2"]
[White "Winkler, Frida"]
[Black "Mersmann, Jasmin"]
[Result "0-1"]
[ECO "C53"]
[WhiteElo "1555"]
[BlackElo "1527"]
[Annotator "NA RC"]
[PlyCount "65"]
[EventDate "2024.12.23"]
[EventType "team-tourn"]
[EventRounds "7"]
[EventCountry "GER"]
[SourceTitle "playchess.com"]
[Source "ChessBase"]
[SourceQuality "1"]
[TimeControl "40/5400+30:1800+30"]

1. e4 e5 2. Nf3 Nc6 3. Bc4 Bc5 4. c3 d6 5. a4 a6 6. d4 exd4 7. cxd4 Bb4+ 8. Bd2 Bxd2+ 9. Nbxd2 Nf6 10. h3 O-O 11. O-O Re8 12. Re1 b6 13. Qb3 Re7 14. Ng5 Qe8 15. e5 Nd7 16. Bxf7+ Rxf7 17. Qxf7+ Qxf7 18. Nxf7 Nxd4 19. e6 Nf6 20. Nd8 Nc2 21. e7 Bd7 22. Rec1 Nxa1 23. Rc3 c5 24. Rxc5 Bxa4 25. Rc7 Nd5 26. Nb7 b5 27. Rc4 Re8 28. Re4 Rxe7 29. Nxd6 Nf6 30. Rd4 Rd7 31. Nc8 Rd6 32. Rxd6 Nd7 33. Rxd7 0-1

[Event "DVM U12w 2024"]
[Site "Bad Homburg"]
[Date "2024.12.27"]
[Round "2"]
[White "Ramien, Eva"]
[Black "Schindler, Amilia"]
[Result "1-0"]
[ECO "C50"]
[WhiteElo "1542"]
[BlackElo "790"]
[Annotator "NA RC"]
[PlyCount "115"]
[EventDate "2024.12.23"]
[EventType "team-tourn"]
[EventRounds "7"]
[EventCountry "GER"]
[SourceTitle "playchess.com"]
[Source "ChessBase"]
[SourceQuality "1"]
[TimeControl "40/5400+30:1800+30"]

1. e4 e5 2. Nf3 Nc6 3. Bc4 Nf6 4. Nc3 Bc5 5. d3 d6 6. Bg5 Bg4 7. Nd5 Nd4 8. Nxf6+ gxf6 9. Be3 Nxf3+ 10. gxf3 Bh3 11. Bxc5 dxc5 12. Qd2 Qd7 13. a3 O-O-O 14. O-O-O Qd4 15. Qe3 Qd6 16. Bxf7 Qb6 17. Bh5 Rd6 18. Bg4+ Bxg4 19. fxg4 Qb5 20. Qd2 Rb6 21. Qc3 Rd8 22. Qb3 Qc6 23. Qc3 Rd4 24. h4 c4 25. Rd2 cxd3 26. Qxc6 Rxc6 27. Re1 Rdc4 28. c3 Rd6 29. Re3 h6 30. Rexd3 Rxd3 31. Rxd3 Rxe4 32. f3 Re1+ 33. Kd2 Rh1 34. h5 c5 35. Rd6 Rh2+ 36. Kc1 Rh1+ 37. Kc2 b5 38. Rc6+ Kb8 39. Rxc5 a6 40. Rc6 Kb7 41. Rxf6 Rh2+ 42. Kb3 a5 43. Re6 a4+ 44. Ka2 Rh4 45. Rxe5 Kb6 46. Rf5 Rh1 47. f4 Rh4 48. Rf6+ Kc5 49. Rxh6 Rxg4 50. Rf6 Rh4 51. h6 Kc4 52. f5 Kd3 53. Rb6 Kc2 54. Rxb5 Kc1 55. f6 Rxh6 56. f7 Rf6 57. Rb7 Rf2 58. c4 1-0

[Event "DVM U12w 2024"]
[Site "Bad Homburg"]
[Date "2024.12.27"]
[Round "2"]
[White "Bacakova, Klara"]
[Black "Briese, Sophie"]
[Result "1-0"]
[ECO "B21"]
[WhiteElo "1539"]
[BlackElo "1465"]
[Annotator "NA RC"]
[PlyCount "51"]
[EventDate "2024.12.23"]
[EventType "team-tourn"]
[EventRounds "7"]
[EventCountry "GER"]
[SourceTitle "playchess.com"]
[Source "ChessBase"]
[SourceQuality "1"]
[TimeControl "40/5400+30:1800+30"]

1. e4 c5 2. d4 cxd4 3. c3 dxc3 4. Nxc3 a6 5. Bc4 e6 6. Nf3 Nc6 7. O-O d6 8. Qe2 Be7 9. Rd1 Bd7 10. Bf4 e5 11. Be3 Nf6 12. h3 O-O 13. Rac1 Rc8 14. a3 Be6 15. Bxe6 fxe6 16. Ng5 Qd7 17. Na4 Bd8 18. Nc5 Nd4 19. Bxd4 dxc5 20. Bxc5 Qe8 21. Bxf8 Rxc1 22. Rxc1 Kxf8 23. Qc4 h6 24. Nxe6+ Ke7 25. Nxg7 Qd7 26. Nf5+ 1-0

[Event "DVM U12w 2024"]
[Site "Bad Homburg"]
[Date "2024.12.27"]
[Round "2"]
[White "Feldhaus, Lena"]
[Black "Xu, Dorothea Sicheng"]
[Result "0-1"]
[ECO "D00"]
[WhiteElo "1539"]
[BlackElo "1585"]
[Annotator "NA RC"]
[PlyCount "61"]
[EventDate "2024.12.23"]
[EventType "team-tourn"]
[EventRounds "7"]
[EventCountry "GER"]
[SourceTitle "playchess.com"]
[Source "ChessBase"]
[SourceQuality "1"]
[TimeControl "40/5400+30:1800+30"]

1. d4 d5 2. Nc3 Nf6 3. Bf4 c6 4. Qd2 Bf5 5. O-O-O e6 6. f3 Bd6 7. g4 Bg6 8. h4 h6 9. e3 c5 10. Nb5 Bxf4 11. exf4 Qe7 12. g5 hxg5 13. fxg5 Nh5 14. Bd3 Bxd3 15. Qxd3 Ng3 16. Rh2 Nf5 17. Ne2 Rxh4 18. Rxh4 Nxh4 19. Rh1 Ng6 20. Rh7 Qxg5+ 21. Qd2 Qe7 22. Rxg7 a6 23. Rg8+ Nf8 24. Nbc3 Nc6 25. Qe3 Rd8 26. dxc5 d4 27. Nxd4 Nxd4 28. Qe4 Qxc5 29. Qxb7 Qc6 30. Qb4 Qd6 31. Qa4+ 0-1

[Event "DVM U12w 2024"]
[Site "Bad Homburg"]
[Date "2024.12.27"]
[Round "2"]
[White "Huang, Jasmin Shuya"]
[Black "Andreeva, Katharina"]
[Result "1-0"]
[WhiteElo "1523"]
[BlackElo "1164"]
[Annotator "NA RC"]
[PlyCount "20"]
[EventDate "2024.12.23"]
[EventType "team-tourn"]
[EventRounds "7"]
[EventCountry "GER"]
[SourceTitle "playchess.com"]
[Source "ChessBase"]
[SourceQuality "1"]
[TimeControl "40/5400+30:1800+30"]

1. e4 c5 2. Nf3 d6 3. d4 cxd4 4. Qxd4 Nc6 5. Bb5 Bd7 6. Bxc6 Bxc6 7. Nc3 Nf6 8. Bg5 a6 9. O-O-O Rc8 10. Rhe1 b5 1-0

[Event "DVM U12w 2024"]
[Site "Bad Homburg"]
[Date "2024.12.27"]
[Round "2"]
[White "Wolf, Aurelia"]
[Black "Gelbach, Julietta"]
[Result "1-0"]
[ECO "C55"]
[WhiteElo "1471"]
[BlackElo "855"]
[Annotator "NA RC"]
[PlyCount "73"]
[EventDate "2024.12.23"]
[EventType "team-tourn"]
[EventRounds "7"]
[EventCountry "GER"]
[SourceTitle "playchess.com"]
[Source "ChessBase"]
[SourceQuality "1"]
[TimeControl "40/5400+30:1800+30"]

1. e4 e5 2. Nf3 Nc6 3. Bc4 Nf6 4. d3 h6 5. c3 d6 6. h3 Be6 7. Bb3 d5 8. exd5 Nxd5 9. O-O Bc5 10. Re1 Qf6 11. d4 exd4 12. Bxd5 O-O-O 13. Bxe6+ fxe6 14. Qb3 Rhe8 15. Nbd2 dxc3 16. Ne4 Qe7 17. Nxc3 g5 18. Be3 Bxe3 19. Rxe3 h5 20. g4 hxg4 21. hxg4 Na5 22. Qb5 Nc6 23. Nxg5 Nd4 24. Qe5 Nc2 25. Rae1 Nxe3 26. Qxe3 e5 27. Nf3 Qh7 28. Qxa7 Rh8 29. Kf1 Qh1+ 30. Ke2 Qh6 31. Qa8+ Kd7 32. Rd1+ Ke7 33. Rxd8 Rxd8 34. Qxb7 Qg6 35. Qxc7+ Rd7 36. Qxd7+ Kxd7 37. Nxe5+ 1-0

[Event "DVM U12w 2024"]
[Site "Bad Homburg"]
[Date "2024.12.27"]
[Round "2"]
[White "Winkler, Anni"]
[Black "Bykov, Sophia"]
[Result "1-0"]
[ECO "C58"]
[WhiteElo "1404"]
[BlackElo "1033"]
[Annotator "NA RC"]
[PlyCount "93"]
[EventDate "2024.12.23"]
[EventType "team-tourn"]
[EventRounds "7"]
[EventCountry "GER"]
[SourceTitle "playchess.com"]
[Source "ChessBase"]
[SourceQuality "1"]
[TimeControl "40/5400+30:1800+30"]

1. e4 e5 2. Nf3 Nc6 3. Bc4 Nf6 4. Ng5 d5 5. exd5 Na5 6. Bb5+ Bd7 7. Bxd7+ Qxd7 8. O-O Nxd5 9. d4 O-O-O 10. dxe5 f6 11. exf6 gxf6 12. Nf3 Rg8 13. g3 f5 14. Re1 f4 15. Ne5 Qh3 16. Qf3 fxg3 17. fxg3 Bc5+ 18. Kh1 Rdf8 19. Qg2 Qh5 20. Qxd5 Rf2 21. Qxg8+ Bf8 22. Qg4+ Qf5 23. Qxf5+ Rxf5 24. Nc3 h5 25. g4 hxg4 26. Nxg4 Nc4 27. Ne3 Nxe3 28. Bxe3 Kd7 29. Rad1+ Ke6 30. Bxa7+ Kf6 31. Bd4+ Kg5 32. Re5 Rxe5 33. Bxe5 c5 34. Rg1+ Kf5 35. Rf1+ Kxe5 36. Rxf8 Kd4 37. h4 Kc4 38. h5 b5 39. Nxb5 Kxb5 40. h6 c4 41. h7 Kb4 42. h8=Q Kc5 43. Qe5+ Kc6 44. Rf6+ Kd7 45. Qg5 c3 46. Qg7+ Kd8 47. Rf8# 1-0

[Event "DVM U12w 2024"]
[Site "Bad Homburg"]
[Date "2024.12.27"]
[Round "2"]
[White "Ulianova, Anna"]
[Black "Didas, Emma"]
[Result "0-1"]
[ECO "B07"]
[WhiteElo "1267"]
[BlackElo "1456"]
[Annotator "NA RC"]
[PlyCount "48"]
[EventDate "2024.12.23"]
[EventType "team-tourn"]
[EventRounds "7"]
[EventCountry "GER"]
[SourceTitle "playchess.com"]
[Source "ChessBase"]
[SourceQuality "1"]
[TimeControl "40/5400+30:1800+30"]

1. e4 d6 2. d4 Nf6 3. Nc3 g6 4. Be3 Bg7 5. f3 c6 6. Qd2 b5 7. a3 Nbd7 8. Bh6 O-O 9. h4 e5 10. d5 cxd5 11. exd5 a6 12. g4 Nb6 13. h5 e4 14. hxg6 e3 15. Qd3 fxg6 16. O-O-O Bxh6 17. Rxh6 Nfxd5 18. Nxd5 Qg5 19. Kb1 Qxh6 20. Nxb6 Ra7 21. Nxc8 Rxc8 22. Qd5+ Rf7 23. Qxd6 Qh2 24. Bd3 Qxd6 0-1

[Event "DVM U12w 2024"]
[Site "Bad Homburg"]
[Date "2024.12.27"]
[Round "2"]
[White "Ising, Svea"]
[Black "Glotz, Katharina"]
[Result "0-1"]
[ECO "B21"]
[WhiteElo "1221"]
[BlackElo "1656"]
[Annotator "NA RC"]
[PlyCount "89"]
[EventDate "2024.12.23"]
[EventType "team-tourn"]
[EventRounds "7"]
[EventCountry "GER"]
[SourceTitle "playchess.com"]
[Source "ChessBase"]
[SourceQuality "1"]
[TimeControl "40/5400+30:1800+30"]

1. e4 c5 2. d4 cxd4 3. c3 g6 4. Nf3 dxc3 5. Nxc3 Bg7 6. Bc4 Nf6 7. O-O O-O 8. Qe2 d6 9. Rd1 Bd7 10. Be3 Nc6 11. Qd2 Bg4 12. Be2 Rc8 13. Bh6 Rc7 14. Bxg7 Kxg7 15. h3 Be6 16. Qe3 Qc8 17. Rac1 Rd8 18. Ng5 a6 19. Nxe6+ Qxe6 20. Nd5 Rcc8 21. Bc4 Qxe4 22. Re1 Qxe3 23. fxe3 Nxd5 24. Bxd5 Rd7 25. Rf1 e6 26. Bb3 Rdc7 27. Rcd1 d5 28. Rf2 Na5 29. Rd3 Nxb3 30. Rxb3 b5 31. Kh2 Rc2 32. Rf1 Re2 33. Kg3 Rcc2 34. Rb1 Rxg2+ 35. Kf4 Rc4+ 36. Ke5 Re4+ 37. Kd6 Re2 38. Ra3 R2xe3 39. Rxa6 d4 40. Rf1 Re5 41. Ra7 Rf5 42. Rd1 d3 43. Ra3 Rd5+ 44. Kc6 Rxh3 45. Rc3 0-1

[Event "DVM U12w 2024"]
[Site "Bad Homburg"]
[Date "2024.12.27"]
[Round "2"]
[White "Reuber, Ella"]
[Black "Ruddat, Maila"]
[Result "1/2-1/2"]
[ECO "D37"]
[WhiteElo "1188"]
[BlackElo "1486"]
[Annotator "NA RC"]
[PlyCount "102"]
[EventDate "2024.12.23"]
[EventType "team-tourn"]
[EventRounds "7"]
[EventCountry "GER"]
[SourceTitle "playchess.com"]
[Source "ChessBase"]
[SourceQuality "1"]
[TimeControl "40/5400+30:1800+30"]

1. d4 d5 2. c4 c6 3. Nf3 Nf6 4. Bf4 e6 5. Nc3 Nbd7 6. e3 Qb6 7. Rb1 Be7 8. Bd3 O-O 9. O-O Qd8 10. b4 dxc4 11. Bxc4 Nb6 12. Bd3 Nbd5 13. Nxd5 Nxd5 14. a3 Nc3 15. Qc2 Nxb1 16. Rxb1 h6 17. h3 a5 18. Qe2 axb4 19. axb4 Qb6 20. b5 Qa7 21. Bc2 Bd7 22. Qd3 f5 23. e4 cxb5 24. exf5 exf5 25. Ne5 b6 26. Bb3+ Kh7 27. Qg3 g5 28. Bd2 f4 29. Bc2+ Kg7 30. Qf3 Bd6 31. Qh5 Rf6 32. h4 Be8 33. Qg4 Bg6 34. Nxg6 Qa2 35. Qd7+ Rf7 36. Qxb5 Qxc2 37. Ne5 Bxe5 38. Qxe5+ Kg8 39. Qe1 gxh4 40. Rxb6 Rfa7 41. Qe6+ Rf7 42. Qg6+ Qxg6 43. Rxg6+ Rg7 44. Rxh6 f3 45. Rxh4 fxg2 46. Re4 Ra6 47. d5 Ra3 48. Re3 Rxe3 49. Bxe3 Kf7 50. Bf4 Ke7 51. Bg3 Rxg3 1/2-1/2

[Event "DVM U12w 2024"]
[Site "Bad Homburg"]
[Date "2024.12.27"]
[Round "2"]
[White "Kotliarova, Emily"]
[Black "Daaboul, Ulla"]
[Result "1-0"]
[ECO "B31"]
[WhiteElo "1139"]
[BlackElo "787"]
[Annotator "NA RC"]
[PlyCount "32"]
[EventDate "2024.12.23"]
[EventType "team-tourn"]
[EventRounds "7"]
[EventCountry "GER"]
[SourceTitle "playchess.com"]
[Source "ChessBase"]
[SourceQuality "1"]
[TimeControl "40/5400+30:1800+30"]

1. e4 c5 2. Nf3 Nc6 3. Bb5 d6 4. Bxc6+ bxc6 5. O-O g6 6. Re1 Bg7 7. e5 Bg4 8. exd6 Qxd6 9. h3 Bh5 10. g4 Bxg4 11. hxg4 Nf6 12. Nh2 Qd4 13. d3 O-O 14. Nc3 Rad8 15. Be3 Qb4 16. Rb1 Nd5 1-0

[Event "DVM U12w 2024"]
[Site "Bad Homburg"]
[Date "2024.12.27"]
[Round "2"]
[White "Weißleder, Emia"]
[Black "Helbig, Frieda"]
[Result "0-1"]
[ECO "D00"]
[WhiteElo "1118"]
[BlackElo "1443"]
[Annotator "NA"]
[PlyCount "82"]
[EventDate "2024.12.23"]
[EventType "team-tourn"]
[EventRounds "7"]
[EventCountry "GER"]
[SourceTitle "playchess.com"]
[Source "ChessBase"]
[SourceQuality "1"]
[TimeControl "40/5400+30:1800+30"]

1. d4 d5 2. Nc3 Nf6 3. Bf4 a6 4. f3 c5 5. e3 Nc6 6. g4 e6 7. h4 Nd7 8. Qd2 cxd4 9. exd4 Nb6 10. O-O-O Bb4 11. a3 Bd6 12. Bxd6 Qxd6 13. Qg5 Rg8 14. Bd3 f6 15. Qe3 Bd7 16. Bxh7 Rf8 17. Bg6+ Kd8 18. Nh3 Kc7 19. Bd3 Rac8 20. Bb5 Kb8 21. Bxc6 Bxc6 22. Qf4 e5 23. Qe3 Bb5 24. Nxb5 axb5 25. Qb3 Qc6 26. Rd3 exd4 27. Rxd4 Rfe8 28. Rhd1 Nc4 29. Rxd5 Ne3 30. R5d2 Nxd1 31. Rxd1 Re3 32. Rd3 Re1+ 33. Kd2 Rh1 34. Nf2 Rh2 35. Ke1 Re8+ 36. Kf1 Qc5 37. Rd2 Rxh4 38. Rd5 Qb6 39. Rxb5 Qc7 40. Nd3 Rh1+ 41. Kf2 Qh2# 0-1

[Event "DVM U12w 2024"]
[Site "Bad Homburg"]
[Date "2024.12.27"]
[Round "2"]
[White "Rutschmann, Polly"]
[Black "Albrecht, Sidney Jenna"]
[Result "0-1"]
[ECO "B35"]
[WhiteElo "1072"]
[BlackElo "1483"]
[Annotator "NA RC"]
[PlyCount "46"]
[EventDate "2024.12.23"]
[EventType "team-tourn"]
[EventRounds "7"]
[EventCountry "GER"]
[SourceTitle "playchess.com"]
[Source "ChessBase"]
[SourceQuality "1"]
[TimeControl "40/5400+30:1800+30"]

1. e4 c5 2. Nf3 Nc6 3. d4 cxd4 4. Nxd4 g6 5. Nc3 Bg7 6. Be3 Nf6 7. Bc4 Qa5 8. Bb3 Nxe4 9. Nde2 Nxc3 10. Nxc3 Bxc3+ 11. bxc3 Qxc3+ 12. Bd2 Qe5+ 13. Be3 Qe4 14. O-O O-O 15. Bh6 Rd8 16. Re1 Qh4 17. Bd2 d5 18. Bc3 e6 19. Qd3 b6 20. Bb2 Bb7 21. Qc3 d4 22. Qd3 Qg5 23. Qe4 Na5 0-1

[Event "DVM U12w 2024"]
[Site "Bad Homburg"]
[Date "2024.12.27"]
[Round "2"]
[White "Zietz, Leni"]
[Black "Dennhardt, Mira"]
[Result "1-0"]
[ECO "B00"]
[WhiteElo "1071"]
[BlackElo "830"]
[Annotator "NA RC"]
[PlyCount "134"]
[EventDate "2024.12.23"]
[EventType "team-tourn"]
[EventRounds "7"]
[EventCountry "GER"]
[SourceTitle "playchess.com"]
[Source "ChessBase"]
[SourceQuality "1"]
[TimeControl "40/5400+30:1800+30"]

1. d4 d6 2. e4 Nc6 3. Nf3 Bg4 4. Be2 Nf6 5. Nc3 e5 6. O-O Be7 7. Bg5 O-O 8. h3 Bh5 9. d5 Nd4 10. Nxd4 Bxe2 11. Ndxe2 h6 12. Bxf6 Bxf6 13. Ng3 Rb8 14. Nf5 Bg5 15. Ne2 g6 16. Nfg3 Bf4 17. c4 Bxg3 18. Nxg3 Qd7 19. Qd2 Kg7 20. b4 Rbc8 21. f4 c5 22. f5 g5 23. Nh5+ Kh8 24. Rab1 b6 25. f6 a5 26. bxa5 bxa5 27. Qf2 Qa4 28. Rb2 Qxc4 29. Qf3 Qd4+ 30. Rff2 c4 31. Kf1 c3 32. Rbc2 Rb8 33. Rxc3 Rb1+ 34. Ke2 Qd1+ 35. Ke3 Qe1+ 36. Kd3 Rd1+ 37. Kc2 Rb8 38. Qxd1 Qxf2+ 39. Kd3 Qd4+ 40. Kc2 Rb2+ 41. Kxb2 Qxd1 42. Rc8+ Kh7 43. g4 a4 44. Ng7 Qd4+ 45. Ka3 Qxe4 46. Nf5 Qf4 47. Nxd6 Qxf6 48. Nf5 e4 49. d6 Qe6 50. Rc3 Kg6 51. Kxa4 h5 52. Rc6 Qd7 53. Kb5 hxg4 54. hxg4 Kf6 55. a4 Ke6 56. a5 Qd8 57. Rc7 Ke5 58. Kb6 Kf4 59. d7 Kxg4 60. Ne3+ Kf3 61. Nc2 g4 62. Kc6 Qf6+ 63. Kb7 Qd8 64. Nd4+ Kf4 65. Nc6 Qg8 66. d8=Q Qxd8 67. Nxd8 g3 1-0